 Dungeon Crawl Stone Soup version 0.29-a0-330-g52719c12eb (webtiles) character file.

Game seed: 8601950545615972388

238 Crownlay the Firebug (level 6, 0/44 HPs)
             Began as a Gnoll Fire Elementalist on May 3, 2022.
             Slain by a wight
             ... wielding a +0 falchion
              (7 damage)
             ... on level 4 of the Dungeon on May 4, 2022.
             The game lasted 00:05:26 (2792 turns).

Crownlay the Firebug (Gnoll Fire Elementalist)      Turns: 2792, Time: 00:05:26

Health: 0/44       AC:  6    Str:  7    XL:     6   Next: 7%
Magic:  0/13       EV: 16    Int: 17    God:
Gold:   191        SH:  0    Dex: 12    Spells: 9/15 levels left

rFire   + . .      SeeInvis .   k - +2 long sword (vorpal)
rCold   . . .      Faith    .   (no shield)
rNeg    + . .      Spirit   .   g - +2 leather armour {rF+}
rPois   .          Reflect  .   (no helmet)
rElec   .          Harm     .   (no cloak)
rCorr   .          Rampage  .   (no gloves)
Will    .....                   i - +0 pair of boots
Stlth   ++........              (no amulet)
HPRegen 0.14/turn               f - +4 ring of evasion
MPRegen 0.13/turn               q - ring of positive energy

@: no status effects
A: fangs 1, strong nose, distributed training
a: no special abilities


You were on level 4 of the Dungeon.
You visited 1 branch of the dungeon, and saw 4 of its levels.

You collected 191 gold pieces.

Inventory:

Hand Weapons
 k - a +2 vorpal long sword (weapon)
Armour
 g - a +2 leather armour of fire resistance (worn)
 i - a +0 pair of boots (worn)
Jewellery
 f - a +4 ring of evasion (left hand)
 q - a ring of positive energy (right hand)
Scrolls
 c - 2 scrolls of teleportation
 d - a scroll of fog
 e - a scroll of magic mapping {unknown}
 h - a scroll of identify
 l - a scroll of enchant armour {unknown}
 n - a scroll of silence {unknown}
 p - a scroll of fear {unknown}
Potions
 a - a potion of invisibility {unknown}
 b - 2 potions of magic
 j - a potion of attraction {unknown}
 m - a potion of ambrosia {unknown}
 o - a potion of experience {unknown}
 r - a potion of haste {unknown}
 s - a potion of heal wounds {unknown}


   Skills:
 + Level 1.8 Fighting
 + Level 1.8 Short Blades
 + Level 1.8 Long Blades
 + Level 1.8 Axes
 + Level 1.8 Maces & Flails
 + Level 1.8 Polearms
 + Level 1.8 Staves
 + Level 1.8 Slings
 + Level 1.8 Bows
 + Level 1.8 Crossbows
 + Level 1.8 Throwing
 + Level 1.8 Armour
 + Level 4.9 Dodging
 + Level 4.5 Stealth
 + Level 1.8 Shields
 + Level 1.8 Unarmed Combat
 + Level 5.3 Spellcasting
 + Level 2.5 Conjurations
 + Level 1.4 Hexes
 + Level 1.4 Summonings
 + Level 1.4 Necromancy
 + Level 1.4 Translocations
 + Level 1.4 Transmutations
 + Level 5.6 Fire Magic
 + Level 1.4 Ice Magic
 + Level 1.4 Air Magic
 + Level 1.4 Earth Magic
 + Level 1.4 Poison Magic
 + Level 2.0 Invocations
 + Level 1.8 Evocations


You had 9 spell levels left.
You knew the following spells:

 Your Spells              Type           Power      Damage    Failure   Level
a - Foxfire               Conj/Fire      72%        2x1d7     3%          1
b - Scorch                Fire           46%        2d7       3%          2
c - Inner Flame           Hex/Fire       16%        N/A       14%         3

Your spell library contained the following spells:

 Spells                   Type           Power      Damage    Failure   Level
 Conjure Flame            Conj/Fire      18%        6-21      11%         3
 Blink                    Tloc           18%        N/A       17%         2
 Lesser Beckoning         Tloc           9%         N/A       34%         3
 Flame Wave               Conj/Fire      18%        2d6       36%         4
 Olgreb's Toxic Radiance  Pois           9%         N/A       75%         4
 Manifold Assault         Tloc           9%         N/A       97%         5
 Ozocubu's Refrigeration  Ice            4%         4d5       100%        7
 Ignition                 Fire           11%        3d5       100%        8


Dungeon Overview and Level Annotations

Branches:
Dungeon (4/15)
 Temple: D:4-7

Altars:
Ru


Innate Abilities, Weirdness & Mutations

You have very sharp teeth.
Your uncanny sense of smell can sniff out nearby items.
Your experience applies equally to all skills.


Message History

The wight is almost destroyed.
The wight barely misses you.
You hit the wight.
The wight is heavily damaged.
The wight hits you with a +2 dagger.
You slash the wight!
You destroy the wight!
A wight comes into view. It is wielding a +0 falchion.
Your life force feels restored.
You closely miss the wight.
The wight is almost destroyed.
The wight closely misses you. The wight completely misses you.
You closely miss the wight.
The wight is almost destroyed.
The wight hits you with a +0 great sword!
You barely miss the wight.
The wight is almost destroyed.
The wight barely misses you.
Casting: Foxfire (safe; 3% risk of failure)
Confirm with . or Enter, or press ? or * to list all spells.
You conjure some foxfire!
The wight hits you with a +0 great sword!
You partially resist.
You feel drained.
You barely miss the wight. Your bite misses the wight.
The wight is almost destroyed.
The foxfire hits the wight.
You destroy the wight!
The foxfire hits the wight but does no damage.
Your life force feels restored.
Your Invocations skill increases to level 2!
You have reached level 6!
Casting: Foxfire (safe; 3% risk of failure)
Confirm with . or Enter, or press ? or * to list all spells.
You conjure some foxfire!
The wight hits you with a +0 falchion!
* * * LOW HITPOINT WARNING * * *
You barely miss the wight.
The foxfire hits the wight but does no damage. x2
A wight comes into view. It is wielding a +5 flail.
The wight hits you with a +0 falchion!
You die...

.#..####.# #.......#.#.###.##.###
.........###.<...................
..........##.............#.##.##.
.#.#.###.......>.......#.#.##.##.
.#.#.......#..#..###(#.....##....
.....###......#..# #.#.#.#.##.##.
.#.#.###.#.#..#..# # #.##.
.................# #.##.
.#.#..........#.@#####.#. #.##.
.#.############.z)?...... .. ##.#
#.)#######. ## #.# ###z #.# ##
#.# ..


You could see 2 wights.

Vanquished Creatures
  3 wights (D:4)
  An iguana (D:4)
  A white imp (D:4)
  3 dart slugs
  An orc (D:3)
  4 ball pythons
  3 endoplasms
  2 giant cockroaches (D:2)
  3 goblins
  3 hobgoblins
  7 jackals
  2 quokkas
  6 bats
  5 kobolds
  4 rats
48 creatures vanquished.

Vanquished Creatures (others)
  182 foxfires
182 creatures vanquished.

Grand Total: 230 creatures vanquished

Notes
Turn   | Place    | Note
-------+----------+-------------------------------------------
     0 | D:1      | Crownlay the Gnoll Fire Elementalist began the quest for
                  | the Orb.
     0 | D:1      | Reached XP level 1. HP: 13/13 MP: 6/6
   340 | D:1      | Reached XP level 2. HP: 19/19 MP: 3/7
   784 | D:1      | Learned a level 2 spell: Scorch
  1078 | D:2      | Reached XP level 3. HP: 25/25 MP: 6/9
  1178 | D:2      | Reached skill level 5 in Spellcasting
  1249 | D:2      | Learned a level 3 spell: Inner Flame
  1457 | D:2      | Reached skill level 1 in Invocations
  1715 | D:3      | Found a sacrificial altar of Ru.
  1819 | D:3      | Found a faded altar of an unknown god.
  2074 | D:3      | Reached skill level 1 in Fighting
  2074 | D:3      | Reached skill level 1 in Short Blades
  2074 | D:3      | Reached skill level 1 in Long Blades
  2074 | D:3      | Reached skill level 1 in Axes
  2074 | D:3      | Reached skill level 1 in Maces & Flails
  2074 | D:3      | Reached skill level 1 in Polearms
  2074 | D:3      | Reached skill level 1 in Staves
  2074 | D:3      | Reached skill level 1 in Slings
  2074 | D:3      | Reached skill level 1 in Bows
  2074 | D:3      | Reached skill level 1 in Crossbows
  2074 | D:3      | Reached skill level 1 in Throwing
  2074 | D:3      | Reached skill level 1 in Armour
  2074 | D:3      | Reached skill level 1 in Shields
  2074 | D:3      | Reached skill level 1 in Unarmed Combat
  2074 | D:3      | Reached skill level 1 in Evocations
  2280 | D:4      | Reached XP level 4. HP: 10/32 MP: 2/11
  2610 | D:4      | Reached skill level 1 in Hexes
  2610 | D:4      | Reached skill level 1 in Summonings
  2610 | D:4      | Reached skill level 1 in Necromancy
  2610 | D:4      | Reached skill level 1 in Translocations
  2610 | D:4      | Reached skill level 1 in Transmutations
  2610 | D:4      | Reached skill level 1 in Ice Magic
  2610 | D:4      | Reached skill level 1 in Air Magic
  2610 | D:4      | Reached skill level 1 in Earth Magic
  2610 | D:4      | Reached skill level 1 in Poison Magic
  2777 | D:4      | Reached XP level 5. HP: 37/37 MP: 1/12
  2790 | D:4      | Reached XP level 6. HP: 15/44 MP: 0/13
  2792 | D:4      | Slain by a wight

Illustrated notes

Levels and vault maps discovered:
D:1:      lemuel_arrival_room, layout_basic, serial_curves, eino_curves_01,
          eino_curves_01, eino_curves_03, eino_curves_03
D:2:      layout_rooms
D:3:      layout_rooms, nicolae_overflow_crystal_walls,
          hellmonk_ecumenical_altar_run_dry
D:4:      layout_basic, minmay_temple_entry_gardened_gates

Skill      XL: |  1  2  3  4  5 |
---------------+----------------+-----
Conjurations   | 2 |  2.5
Spellcasting   | 5 |  5.3
Invocations    | 1 2 |  2.0
Fighting       | 1 |  1.8
Short Blades   | 1 |  1.8
Long Blades    | 1 |  1.8
Axes           | 1 |  1.8
Maces & Flails | 1 |  1.8
Polearms       | 1 |  1.8
Staves         | 1 |  1.8
Slings         | 1 |  1.8
Bows           | 1 |  1.8
Crossbows      | 1 |  1.8
Throwing       | 1 |  1.8
Armour         | 1 |  1.8
Shields        | 1 |  1.8
Unarmed Combat | 1 |  1.8
Evocations     | 1 |  1.8
Hexes          | 1 |  1.4
Summonings     | 1 |  1.4
Necromancy     | 1 |  1.4
Translocations | 1 |  1.4
Transmutations | 1 |  1.4
Ice Magic      | 1 |  1.4
Air Magic      | 1 |  1.4
Earth Magic    | 1 |  1.4
Poison Magic   | 1 |  1.4
Dodging        | |  4.9
Stealth        | |  4.5
Fire Magic     | |  5.6

Action                   |  1- 3 |  4- 6 || total
-------------------------+-------+-------++-------
Melee: Dagger            |     8 |       ||     8
       Long sword        |       |    10 ||    10
 Cast: Foxfire           |    90 |    16 ||   106
       Scorch            |     2 |     3 ||     5
  Use: Scroll            |     4 |       ||     4
Armor: Robe              |     2 |       ||     2
       Leather armour    |     4 |       ||     4
Dodge: Dodged            |    25 |     9 ||    34

Table legend: (Time is in decaauts)
 A = Elapsed time spent in this place.
 B = Non-inter-level travel time spent in this place.
 C = Inter-level travel time spent in this place.
 D = Time resting spent in this place.
 E = Time spent auto-exploring this place.
 F = Levels seen in this place.
 G = Mean time per level.
                   A        B        C        D        E       F      G
               +--------+--------+--------+--------+--------+-----+--------+
         Total |   2792 |   2725 |     67 |      0 |   2358 |   4 |  698.0 |
       Dungeon |   2792 |   2725 |     67 |      0 |   2358 |   4 |  698.0 |
               +--------+--------+--------+--------+--------+-----+--------+

Top non-repeatable levels by time:
     D:1: 1074 daAuts
     D:3: 596 daAuts
     D:2: 562 daAuts
     D:4: 558 daAuts
